 Dungeon Crawl Stone Soup version 0.20.1-1-g8b1a95d (webtiles) character file.

774 xsen the Spear-Bearer (level 7, -2/49 (50) HPs)
             Began as a Merfolk Skald on Nov 20, 2017.
             Killed from afar by an orc wizard (8 damage)
             ... with a magic dart
             ... on level 4 of the Dungeon.
             The game lasted 00:27:54 (5446 turns).

xsen the Spear-Bearer (Merfolk Skald)               Turns: 5446, Time: 00:27:55

HP:   -2/49 (50)    AC:  2    Str: 11    XL:     7   Next: 84%
MP:   5/10          EV: 13    Int: 15    God:
Gold: 20            SH:  0    Dex: 13    Spells: 1/10 levels left

rFire    . . .     SeeInvis .   a - -2 trident (curse)
rCold    . . .     Gourm    .   (no shield)
rNeg     . . .     Faith    .   l - +0 robe
rPois    .         Spirit   .   (no helmet)
rElec    .         Reflect  .   (no cloak)
rCorr    .         Harm     .   (no gloves)
MR       .....                  (no boots)
Stlth    +.........             (no amulet)
Regen    0.2/turn               (no ring)
MPRegen  0.2/turn               (no ring)

@: confused, very slightly contaminated
A: change form in water, swift swim, stealthy swim
a: no special abilities


You were on level 4 of the Dungeon.
You were not hungry.

You visited 1 branch of the dungeon, and saw 4 of its levels.
You also visited: Sewer.

You collected 140 gold pieces.
You spent 120 gold pieces at shops.

Inventory:

Hand Weapons
 a - a cursed -2 trident (weapon)
 b - a +2 dagger of venom
 w - a +0 hunting sling of freezing
Missiles
 f - 113 stones (quivered)
 t - 7 tomahawks of returning
 x - 53 sling bullets
Armour
 i - a +0 scale mail
 k - a +0 ring mail
 l - a +0 robe (worn)
 y - a +0 leather armour
Scrolls
 m - a scroll of amnesia
 n - a scroll of enchant weapon
 r - 2 scrolls of noise
 v - 2 scrolls of enchant armour
Potions
 e - 2 potions of degeneration {unknown}
 h - a potion of cancellation {unknown}
 j - 2 potions of curing {unknown}
 o - a potion of flight {unknown}
 p - 3 potions of heal wounds
 A - a potion of berserk rage {unknown}
Books
 c - a book of Battle

   Spells                             Type                      Level
   a - Infusion                       Charms                       1
   b - Shroud of Golubria             Charms/Translocation         2
   c - Song of Slaying                Charms                       2
   d - Spectral Weapon                Hexes/Charms                 3
   e - Regeneration                   Charms/Necromancy            3
 E - a book of Callings

   Spells                             Type                      Level
   a - Summon Small Mammal            Summoning                    1
   b - Call Imp                       Summoning                    2
   c - Call Canine Familiar           Summoning                    3
   d - Summon Guardian Golem          Hexes/Summoning              3
   e - Summon Lightning Spire         Summoning/Air                4
   f - Summon Ice Beast               Ice/Summoning                4
Comestibles
 d - 5 bread rations
 g - 3 fruits
 B - 7 chunks of flesh


   Skills:
 - Level 2.1 Fighting
 * Level 10.4 Polearms
 - Level 0.6 Armour
 - Level 2.6 Dodging
 - Level 2.0 Spellcasting
 + Level 3.8 Hexes
 - Level 4.1 Charms


You had one spell level left.
You knew the following spells:

 Your Spells              Type           Power        Failure   Level  Hunger
a - Infusion              Chrm           ##..         4%          1    #......
b - Shroud of Golubria    Chrm/Tloc      #.........   14%         2    ###....
c - Spectral Weapon       Hex/Chrm       ##......     13%         3    ###....
r - Regeneration          Chrm/Necr      #.........   28%         3    ###....


Dungeon Overview and Level Annotations

Branches:
Dungeon (4/15)
 Temple: D:4-7

Altars:
Uskayaw

Shops:
D:4 !


Message History

You completely miss something.
You hear some strange, mumbled words.
You are confused.
The orc hits you with a flail.
* * * LOW HITPOINT WARNING * * *
The orc hits you with a mace.
* * * LOW HITPOINT WARNING * * *
The orc hits you with a short sword.
* * * LOW HITPOINT WARNING * * *
You're too confused!
Unknown command.
You bump into the stone wall.
Something hits you but does no damage. The worker ant barely misses you.
The orc barely misses you. The orc hits you with a short sword.
* * * LOW HITPOINT WARNING * * *
You hit the orc but do no damage. The orc closely misses you.
You hear some strange, mumbled words.
A magic dart appears from out of thin air!
The magic dart hits you!
You die...

*,,,,,+,,,,,,#........#.....#....
*,,,,,*,,,,,,#........#.....#....
*,,,****,,,,##........#####.##'##
*********+**#......#+#...##.##...
,,,,,,,,,,,,#....................
,,,,,,,,,,,,#....................
,,,,,,,,,,,,#........≈≈≈.........
*,,,*########..aoo..≈≈≈≈≈÷.......
*,,,*..........{@o..≈≈)≈≈..####+#
*,,,*........#####..≈≈≈≈≈........
*,,,*........#.......≈≈≈.........
*,,,*........#...................
+,,,*........#..................>
*,,,,........####+##'##########+#
****,########...........,,,,.....
,,,,,* #...........,,,,.....
,,,,,* #..........o,,,,.....


You could see a worker ant and 3 orcs.

Vanquished Creatures
  A necrophage (D:3)
  2 bullfrogs (Sewer)
  A scorpion (D:4)
  A howler monkey (D:4)
  A hound (D:4)
  2 orc priests
  An iguana (D:4)
  An orc wizard (D:3)
  A worker ant (D:3)
  13 adders
  13 oozes (Sewer)
  3 worms
  2 dart slugs
  8 leopard geckos
  7 orcs (D:3)
  13 ball pythons
  11 bats
  12 giant cockroaches (Sewer)
  5 goblins
  3 hobgoblins (D:1)
  3 jackals (D:3)
  2 quokkas
  19 frilled lizards
  2 kobolds
  7 rats
134 creatures vanquished.

Vanquished Creatures (others)
  A spectral weapon (D:4)
1 creature vanquished.

Grand Total: 135 creatures vanquished

Notes
Turn   | Place    | Note
-------+----------+-------------------------------------------
     0 | D:1      | xsen the Merfolk Skald began the quest for the Orb.
     0 | D:1      | Reached XP level 1. HP: 16/16 MP: 3/3
   711 | D:1      | Reached XP level 2. HP: 22/22 MP: 5/5
   744 | D:1      | Learned a level 2 spell: Shroud of Golubria
  1004 | D:1      | You fall through a shaft!
  1032 | D:1      | Reached skill level 4 in Polearms
  1351 | D:2      | Reached XP level 3. HP: 20/27 MP: 2/6
  1743 | D:2      | Reached skill level 5 in Polearms
  1976 | D:2      | Reached XP level 4. HP: 16/33 MP: 2/7
  2355 | D:3      | Learned a level 3 spell: Spectral Weapon
  2371 | D:3      | Found a hide-covered altar of Uskayaw.
  2597 | D:3      | Noticed a necrophage
  2625 | D:3      | Killed a necrophage
  2625 | D:3      | Reached skill level 6 in Polearms
  2625 | D:3      | Reached skill level 1 in Hexes
  2625 | D:3      | Reached XP level 5. HP: 35/37 MP: 5/8
  2744 | D:3      | Reached skill level 7 in Polearms
  2898 | D:2      | Reached XP level 6. HP: 18/43 MP: 9/9
  3899 | D:4      | Found Geonkata's Distillery.
  3907 | D:4      | Bought 2 potions of heal wounds for 120 gold pieces
  3940 | D:4      | Reached skill level 8 in Polearms
  4096 | D:4      | Found a glowing drain.
  4188 | Sewer    | Entered a sewer
  4355 | Sewer    | Reached XP level 7. HP: 49/49 MP: 10/10
  4360 | Sewer    | Learned a level 3 spell: Regeneration
  4668 | Sewer    | Reached skill level 9 in Polearms
  5275 | Sewer    | Reached skill level 10 in Polearms
  5446 | D:4      | Killed from afar by an orc wizard

Skill      XL: |  1  2  3  4  5  6  7 |
---------------+----------------------+-----
Polearms       | 4 5 6 7 8 10 | 10.4
Charms         | 4 |  4.1
Hexes          | 1 2 3 |  3.8
Fighting       | |  2.1
Armour         | |  0.6
Dodging        | |  2.6
Spellcasting   | |  2.0

Action                   |  1- 3 |  4- 6 |  7- 9 || total
-------------------------+-------+-------+-------++-------
Melee: Spear             |   101 |    62 |       ||   163
       Dagger            |       |    64 |   119 ||   183
       Trident           |       |       |    15 ||    15
 Fire: Hunting sling     |       |    70 |    34 ||   104
Throw: Stone             |    28 |    15 |     6 ||    49
 Cast: Infusion          |     6 |     3 |       ||     9
       Spectral Weapon   |       |     1 |     2 ||     3
       Shroud of Golubri |       |     2 |     5 ||     7
  Use: Scroll            |       |     4 |     6 ||    10
 Stab: Sleeping          |     1 |     1 |       ||     2
  Eat: Chunk             |     4 |     8 |     4 ||    16
Armor: Robe              |    11 |    24 |    21 ||    56
Dodge: Dodged            |    35 |    94 |    99 ||   228
